 Dungeon Crawl Stone Soup version 0.31-a0-875-g02e7d12df6 (webtiles) character file.

Game seed: 10337156430870006888

177 retardedninja the Firebug (level 5, 0/28 HPs)
             Began as a Gargoyle Fire Elementalist on Oct 12, 2023.
             Slain by an orc
             ... wielding a +0 hand axe
              (4 damage)
             ... on level 3 of the Dungeon.
             The game lasted 00:03:42 (2864 turns).

retardedninja the Firebug (GrFE)                    Turns: 2864, Time: 00:03:43

Health: 0/28       AC: 10    Str: 12    XL:     5   Next: 57%
Magic:  5/9        EV: 12    Int: 17    God:
Gold:   101        SH:  0    Dex: 10    Spells: 6/9 levels left

rFire   . . .        f - +0 spear
rCold   . . .        (no shield)
rNeg    + . .        a - +0 robe
rPois   ∞            d - +2 helmet
rElec   +            (no cloak)
rCorr   .            e - +0 pair of gloves
SInv    .            (no boots)
Will    .....        (no amulet)
Stlth   ++           (no ring)
HPRegen 0.24/turn    (no ring)
MPRegen 0.11/turn

%: no passive effects
@: no status effects
A: sickness immunity, AC +4, negative energy resistance 1, electricity
resistance, torment resistance 1, petrification resistance
a: no special abilities


You were on level 3 of the Dungeon.
You visited 1 branch of the dungeon, and saw 3 of its levels.

You collected 101 gold pieces.

Inventory:

Hand Weapons
 f - a +0 spear (weapon)
 o - a +3 trident of holy wrath
Armour
 a - a +0 robe (worn)
 d - a +2 helmet (worn)
 e - a +0 pair of gloves (worn)
Jewellery
 g - a +6 ring of dexterity
 m - an amulet of regeneration
 p - a ring of fire
Scrolls
 c - 7 scrolls of identify {unknown}
 k - 2 scrolls of enchant weapon {unknown}
 q - a scroll of teleportation {unknown}
 r - a scroll of immolation {unknown}
Potions
 h - a potion of attraction {unknown}
 i - a potion of might {unknown}
 j - a potion of mutation {unknown}
 l - a potion of heal wounds {unknown}
 n - a potion of curing {unknown}


   Skills:
 + Level 0.4 Fighting
 - Level 2.3 Dodging
 - Level 3.4 Stealth
 + Level 2.9 Spellcasting
 + Level 2.6 Conjurations
 + Level 3.7 Fire Magic
 + Level 0.1 Air Magic


You had 6 spell levels left.
You knew the following spells:

 Your Spells              Type           Power      Damage    Failure   Level
a - Foxfire               Conj/Fire      52%        2x1d6     4%          1
b - Scorch                Fire           30%        2d6       5%          2

Your spell library contained the following spells:

 Spells                   Type           Power      Damage    Failure   Level
 Inner Flame              Hex/Fire       8%         N/A       24%         3
 Volatile Blastmotes      Fire/Tloc      16%        2d11      24%         3
 Flame Wave               Conj/Fire      13%        2d6       43%         4


Dungeon Overview and Level Annotations

Branches:
Dungeon (3/15)

Altars:

Annotations:
D:3 1 runed translucent door, sjdaat's ghost, amateur DjIE


Innate Abilities, Weirdness & Mutations

You are immune to sickness and miasma.
Your stone body is resilient. (AC +4)
You are immune to poison.
You resist negative energy. (rN+)
You are resistant to electric shocks. (rElec)
You are resistant to unholy torment.
You are immune to petrification.


Message History

You closely miss the orc.
The orc is lightly wounded.
The orc completely misses you. The orc hits you but does no damage.
You hit the orc but do no damage.
The orc is lightly wounded.
The orc is no longer more vulnerable to fire.
The orc hits you with a +0 falchion. The orc hits you with a +0 hand axe.
* * * LOW HITPOINT WARNING * * *
You hit the orc.
The orc is heavily wounded.
The orc hits you but does no damage. The orc misses you.
The orc hits you but does no damage.
You hit the orc but do no damage.
The orc is heavily wounded.
The orc closely misses you. The orc misses you. The orc closely misses you.
You hit the orc.
The orc is heavily wounded.
The orc hits you but does no damage. The orc hits you with a +0 hand axe.
* * * LOW HITPOINT WARNING * * *
Casting: Foxfire (safe; 4% risk of failure)
Press: ? - help, Q - select action, (/) - cycle Dir - look around, f - activate You conjure some foxfire!
The orc barely misses you. The orc closely misses you.
The orc closely misses your foxfire.
The foxfire hits the orc but does no damage.
The orc hits you but does no damage. The orc hits you with a +0 hand axe.
* * * LOW HITPOINT WARNING * * *
Unknown command.
Magic courses through your body. The orc barely misses you.
The orc closely misses you.
Casting: Foxfire (safe; 4% risk of failure)
Confirm with . or Enter, or press ? or * to list all spells.
Flames lash the orc but do no damage.
The orc completely misses you. The orc closely misses you.
Unknown command.
Casting: Scorch (safe; 5% risk of failure)
Confirm with . or Enter, or press ? or * to list all spells.
Flames lash the orc but do no damage.
The orc hits you but does no damage. The orc hits you with a +0 hand axe.
You die...

#...........##.#
#######..##.##.# #
.## #..##
...#####.# K.#
#...####........
..
##.......#.....#
.. #§#...........#
o# #...##.########
.#
######o#########.#
#[@o......oo#
#############


You could see 2 orcs.

Vanquished Creatures
  An orc wizard (D:3)
  9 adders
  3 worms (D:2)
  2 dart slugs
  8 orcs (D:3)
  6 ball pythons
  6 bats
  4 endoplasms
  A giant cockroach (D:2)
  3 goblins (D:1)
  5 hobgoblins
  3 frilled lizards
  A kobold (D:2)
  3 rats
55 creatures vanquished.

Vanquished Creatures (others)
  225 foxfires
225 creatures vanquished.

Grand Total: 280 creatures vanquished

Notes
Turn   | Place    | Note
-------+----------+-------------------------------------------
     0 | D:1      | retardedninja the Gargoyle Fire Elementalist began the
                  | quest for the Orb.
     0 | D:1      | Reached XP level 1. HP: 10/10 MP: 3/3
   340 | D:1      | Reached XP level 2. HP: 15/15 MP: 1/5
   856 | D:2      | Reached XP level 3. HP: 19/19 MP: 2/6
  1092 | D:2      | Reached XP level 4. HP: 24/24 MP: 0/7
  1576 | D:2      | Noticed a phantom
  2170 | D:3      | Reached XP level 5. HP: 28/28 MP: 4/9
  2221 | D:3      | Noticed sjdaat's ghost (amateur DjIE)
  2225 | D:3      | Found a runed translucent door.
  2268 | D:2      | Learned a level 2 spell: Scorch
  2864 | D:3      | Slain by an orc

Illustrated notes

Levels and vault maps discovered:
D:1:      minmay_arrival_arboretum_small, layout_basic
D:2:      layout_rooms, lightli_corner_chamber
D:3:      layout_loops_ring, hellmonk_ghost_happy_afterlife

Skill      XL: |  1  2  3  4 |
---------------+-------------+-----
Dodging        | 2 |  2.3
Conjurations   | 2 |  2.6
Stealth        | 3 |  3.4
Fighting       | |  0.4
Spellcasting   | |  2.9
Fire Magic     | |  3.7
Air Magic      | |  0.1

Action                     |  1- 3 |  4- 6 || total
---------------------------+-------+-------++-------
  Melee: Unarmed           |     7 |       ||     7
         Spear             |       |    32 ||    32
   Cast: Foxfire           |    51 |    87 ||   138
         Scorch            |       |    13 ||    13
    Use: Potion            |       |     1 ||     1
 Armour: Robe              |     9 |    61 ||    70
  Dodge: Dodged            |    14 |    75 ||    89

Table legend: (Time is in decaauts)
 A = Elapsed time spent in this place.
 B = Non-inter-level travel time spent in this place.
 C = Inter-level travel time spent in this place.
 D = Time resting spent in this place.
 E = Time spent auto-exploring this place.
 F = Levels seen in this place.
 G = Mean time per level.
                   A        B        C        D        E       F      G
               +--------+--------+--------+--------+--------+-----+--------+
         Total |   2868 |   2833 |     35 |    164 |   2153 |   3 |  956.0 |
       Dungeon |   2868 |   2833 |     35 |    164 |   2153 |   3 |  956.0 |
               +--------+--------+--------+--------+--------+-----+--------+

Top non-repeatable levels by time:
     D:2: 1491 daAuts
     D:1: 848 daAuts
     D:3: 528 daAuts
